General information
			 
			
        
        - name: BNet
- type: Ladder team game (AT/RT)
- host: Battle.net
- saver: Fiendbotmustdie
 map: Mur'gulOasis
- players: 8
- length: 35:37
- speed: Fast
- version: 1.26 W3XP
- replay type:  Public
 » download(191 KB)
Players
        team 1 (loser) 
              
               SmashRacism
SmashRacism (
pink | 58 APM | 2064 actions | 35:34)
              
 7 Tauren Chieftain
 7 Tauren Chieftain  3
 3 Endurance Aura
 3
 3 Shockwave
 1
 1 Reincarnation
                | Assign group hotkey | 44 |  | 
| Basic commands | 213 |  | 
| Build / train | 75 |  | 
| Enter build submenu | 29 |  | 
| Enter hero's abilities submenu | 7 |  | 
| Give item / drop item | 5 |  | 
| Remove unit from queue | 5 |  | 
| Right click | 777 |  | 
| Select / deselect | 397 |  | 
| Select group hotkey | 408 |  | 
| Use ability | 103 |  | 
                2064 total
 » units 
                
                | Peon | 11 |  | 
| Grunt | 4 |  | 
| Troll Headhunter/Berserker | 15 |  | 
| Shaman | 3 |  | 
| Troll Witch Doctor | 2 |  | 
| Wind Rider | 1 |  | 
| Demolisher | 1 |  | 
| Acolyte | 1 |  | 
                38 total
 » upgrades
                
                | Armor | 3 |  | 
| Troll Regeneration | 1 |  | 
| Shaman Training | 2 |  | 
| Witch Doctor Training | 2 |  | 
| Ranged Weapons | 3 |  | 
| Berserker Upgrade | 1 |  | 
| Reinforced Defenses | 1 |  | 
                13 total
 » buildings
                
                | Orc Burrow | 6 |  | 
| Altar of Storms | 1 |  | 
| Barracks | 5 |  | 
| Voodoo Lounge | 3 |  | 
| War Mill | 2 |  | 
| Stronghold | 1 |  | 
| Spirit Lodge | 2 |  | 
| Fortress | 1 |  | 
| Great Hall | 2 |  | 
| Watch Tower | 4 |  | 
| Beastiary | 4 |  | 
                31 total
 » build order
                00:13 Orc Burrow
00:52 Altar of Storms
00:53 Barracks
01:13 Orc Burrow
01:45 Voodoo Lounge
01:48 Voodoo Lounge
02:41 War Mill
03:17 Orc Burrow
04:19 Stronghold
05:22 Orc Burrow
07:05 Spirit Lodge
07:06 Spirit Lodge
07:37 Fortress
14:00 Great Hall
14:08 Watch Tower
14:08 Watch Tower
14:09 Watch Tower
14:09 Watch Tower
14:13 Voodoo Lounge
18:16 Beastiary
18:17 Beastiary
18:17 Beastiary
18:20 Beastiary
18:47 Barracks
19:27 Orc Burrow
19:29 Orc Burrow
23:06 War Mill
26:09 Barracks
26:10 Barracks
26:13 Barracks
30:35 Great Hall
» items
                
                | Healing Salve | 5 |  | 
| Orb of Lightning | 1 |  | 
| Staff of Teleportation | 1 |  | 
| Potion of Lesser Invulnerability | 1 |  | 
| Periapt of Vitality | 1 |  | 
                9 total
  
              
              
» 
 headbandkush
headbandkush (
purple | 27 APM | 306 actions | 11:18)
              
 3 Blademaster
 3 Blademaster  1
 1 Wind Walk
 2
 2 Critical Strike
 1 Shadow Hunter
 1 Shadow Hunter  1
 1 Healing Wave
                | Build / train | 30 |  | 
| Enter build submenu | 14 |  | 
| Enter hero's abilities submenu | 4 |  | 
| Right click | 127 |  | 
| Select / deselect | 109 |  | 
| Use ability | 19 |  | 
                306 total
 » units 
                » upgrades
                
                | Melee Weapons | 1 |  | 
| Armor | 1 |  | 
| Shaman Training | 1 |  | 
| Witch Doctor Training | 1 |  | 
                4 total
 » buildings
                
                | Orc Burrow | 4 |  | 
| Altar of Storms | 1 |  | 
| Barracks | 1 |  | 
| Voodoo Lounge | 1 |  | 
| War Mill | 1 |  | 
| Stronghold | 1 |  | 
| Fortress | 1 |  | 
| Spirit Lodge | 2 |  | 
                12 total
 » build order
                00:38 Orc Burrow
00:42 Altar of Storms
01:33 Barracks
01:50 Voodoo Lounge
02:15 Orc Burrow
03:35 War Mill
04:18 Orc Burrow
05:05 Stronghold
06:13 Orc Burrow
07:49 Fortress
07:53 Spirit Lodge
08:00 Spirit Lodge
» items
                 
              
               Ian_Thomson
Ian_Thomson (
orange | 48 APM | 1696 actions | 35:14)
              
 5 Paladin
 5 Paladin  3
 3 Divine Shield
 2
 2 Holy Light
 2 Blademaster
 2 Blademaster  1
 1 Wind Walk
 1
 1 Critical Strike
 2 Shadow Hunter
 2 Shadow Hunter  1
 1 Hex
 1
 1 Healing Wave
                | Assign group hotkey | 143 |  | 
| Basic commands | 44 |  | 
| Build / train | 108 |  | 
| Enter build submenu | 32 |  | 
| Enter hero's abilities submenu | 9 |  | 
| Remove unit from queue | 1 |  | 
| Right click | 541 |  | 
| Select / deselect | 198 |  | 
| Select group hotkey | 543 |  | 
| Use ability | 77 |  | 
                1696 total
 » units 
                
                | Peasant | 14 |  | 
| Gryphon Rider | 10 |  | 
| Dragonhawk Rider | 9 |  | 
| Shaman | 4 |  | 
| Grunt | 4 |  | 
| Demolisher | 9 |  | 
                50 total
 » upgrades
                
                | Masonry | 3 |  | 
| Armor | 4 |  | 
| Lumber Harvesting | 2 |  | 
| Swords | 3 |  | 
| Animal War Training | 1 |  | 
| Storm Hammers | 1 |  | 
| Cloud | 1 |  | 
| Shaman Training | 1 |  | 
| Berserker Strength | 1 |  | 
| Reinforced Defenses | 1 |  | 
| Melee Weapons | 1 |  | 
| Burning Oil | 1 |  | 
| Ranged Weapons | 3 |  | 
| Pillage | 1 |  | 
                24 total
 » buildings
                
                | Lumber Mill | 2 |  | 
| Farm | 12 |  | 
| Altar of Kings | 1 |  | 
| Scout Tower | 6 |  | 
| Arcane Tower | 1 |  | 
| Guard Tower | 6 |  | 
| Arcane Vault | 1 |  | 
| Keep | 4 |  | 
| Blacksmith | 1 |  | 
| Barracks | 1 |  | 
| Castle | 1 |  | 
| Gryphon Aviary | 2 |  | 
| Orc Burrow | 5 |  | 
                43 total
 » build order
                00:24 Lumber Mill
00:52 Farm
01:08 Altar of Kings
01:23 Scout Tower
01:32 Farm
01:52 Arcane Tower
01:55 Scout Tower
02:22 Guard Tower
02:27 Lumber Mill
02:29 Scout Tower
02:32 Arcane Vault
03:07 Keep
03:07 Keep
03:07 Keep
03:07 Keep
03:18 Guard Tower
03:19 Guard Tower
03:19 Guard Tower
03:33 Scout Tower
03:35 Scout Tower
04:06 Scout Tower
04:10 Blacksmith
04:37 Barracks
04:39 Guard Tower
05:31 Castle
05:47 Farm
05:49 Farm
06:35 Gryphon Aviary
06:37 Gryphon Aviary
09:22 Farm
09:25 Farm
10:50 Farm
11:41 Orc Burrow
11:43 Orc Burrow
12:21 Orc Burrow
12:24 Orc Burrow
12:42 Farm
13:39 Orc Burrow
13:51 Farm
13:56 Farm
17:27 Farm
17:29 Farm
» items
                 
              
              
» 
 mashedpotato
mashedpotato (
blue | 26 APM | 852 actions | 32:56)
              
 6 Dreadlord
 6 Dreadlord  3
 3 Vampiric Aura
 3
 3 Sleep
 6 Firelord
 6 Firelord  3
 3 Summon Lava Spawn
 2
 2 Soul Burn
 1
 1 Volcano
                | Basic commands | 44 |  | 
| Build / train | 73 |  | 
| Enter build submenu | 18 |  | 
| Enter hero's abilities submenu | 12 |  | 
| Give item / drop item | 2 |  | 
| Remove unit from queue | 2 |  | 
| Right click | 308 |  | 
| Select / deselect | 318 |  | 
| Use ability | 74 |  | 
                852 total
 » units 
                
                | Acolyte | 11 |  | 
| Ghoul | 15 |  | 
| Abomination | 5 |  | 
| Meatwagon | 3 |  | 
                34 total
 » upgrades
                
                | Unholy Strength | 2 |  | 
| Disease Cloud | 1 |  | 
| Unholy Armor | 2 |  | 
                5 total
 » buildings
                
                | Graveyard | 1 |  | 
| Ziggurat | 10 |  | 
| Altar of Darkness | 1 |  | 
| Crypt | 1 |  | 
| Nerubian Tower | 6 |  | 
| Tomb of Relics | 1 |  | 
| Halls of the Dead | 1 |  | 
| Black Citadel | 1 |  | 
| Slaughterhouse | 2 |  | 
| Barracks | 1 |  | 
                25 total
 » build order
                00:13 Graveyard
00:21 Ziggurat
00:24 Altar of Darkness
00:59 Crypt
01:32 Nerubian Tower
01:49 Ziggurat
02:47 Nerubian Tower
03:16 Tomb of Relics
03:18 Ziggurat
04:12 Halls of the Dead
04:49 Nerubian Tower
06:45 Black Citadel
07:47 Slaughterhouse
08:01 Slaughterhouse
12:41 Ziggurat
12:41 Ziggurat
18:40 Ziggurat
18:41 Ziggurat
18:42 Ziggurat
19:28 Nerubian Tower
22:31 Ziggurat
22:32 Ziggurat
24:48 Barracks
25:30 Nerubian Tower
» items
                
                | Rod of Necromancy | 1 |  | 
| Dust of Appearance | 2 |  | 
| Potion of Healing | 5 |  | 
| Scroll of Town Portal | 2 |  | 
                10 total
  team 2 (winner) 
              
               Fiendbotmustdie
Fiendbotmustdie (
red | 94 APM | 3357 actions | 35:37)
              
 7 Blademaster
 7 Blademaster  3
 3 Wind Walk
 3
 3 Critical Strike
 1
 1 Bladestorm
                | Assign group hotkey | 130 |  | 
| Basic commands | 51 |  | 
| Build / train | 112 |  | 
| ESC pressed | 2 |  | 
| Enter build submenu | 69 |  | 
| Enter hero's abilities submenu | 7 |  | 
| Give item / drop item | 4 |  | 
| Right click | 1700 |  | 
| Select / deselect | 344 |  | 
| Select group hotkey | 690 |  | 
| Use ability | 248 |  | 
                3357 total
 » units 
                » upgrades
                
                | Armor | 3 |  | 
| Berserker Strength | 1 |  | 
| Ranged Weapons | 3 |  | 
| Reinforced Defenses | 1 |  | 
| Spiked Barricades | 1 |  | 
| Envenomed Spears | 1 |  | 
                10 total
 » buildings
                
                | Orc Burrow | 13 |  | 
| Altar of Storms | 3 |  | 
| Barracks | 1 |  | 
| Voodoo Lounge | 2 |  | 
| War Mill | 2 |  | 
| Stronghold | 6 |  | 
| Beastiary | 4 |  | 
| Watch Tower | 24 |  | 
| Fortress | 7 |  | 
| Great Hall | 3 |  | 
                65 total
 » build order
                00:11 Orc Burrow
01:22 Altar of Storms
01:26 Orc Burrow
01:28 Barracks
02:21 Voodoo Lounge
02:49 Orc Burrow
03:50 War Mill
04:18 Stronghold
04:18 Stronghold
04:19 Stronghold
05:27 Orc Burrow
06:50 Beastiary
06:54 Beastiary
07:11 Watch Tower
07:19 Watch Tower
07:22 Orc Burrow
08:10 Orc Burrow
10:38 Fortress
10:38 Fortress
11:13 Great Hall
11:15 Watch Tower
11:17 Watch Tower
11:20 Watch Tower
11:21 Watch Tower
12:08 Orc Burrow
12:12 Watch Tower
12:58 Watch Tower
13:00 Watch Tower
13:02 Watch Tower
13:05 Watch Tower
13:50 Watch Tower
14:25 Watch Tower
14:28 Watch Tower
14:33 Watch Tower
15:19 Watch Tower
15:24 Watch Tower
15:34 Watch Tower
15:40 Watch Tower
17:29 Watch Tower
17:38 Watch Tower
18:10 War Mill
18:52 Stronghold
18:52 Stronghold
19:40 Watch Tower
19:44 Watch Tower
20:37 Watch Tower
22:00 Voodoo Lounge
23:26 Altar of Storms
23:30 Altar of Storms
24:34 Fortress
24:34 Fortress
24:34 Fortress
24:39 Orc Burrow
24:40 Orc Burrow
26:04 Great Hall
29:37 Beastiary
30:35 Beastiary
32:08 Orc Burrow
32:56 Orc Burrow
32:59 Orc Burrow
34:49 Orc Burrow
35:14 Great Hall
» items
                
                | Healing Salve | 6 |  | 
| Lesser Clarity Potion | 1 |  | 
| Boots of Speed | 1 |  | 
| Staff of Teleportation | 1 |  | 
| Orb of Venom | 1 |  | 
| Potion of Healing | 2 |  | 
| Orb of Lightning | 1 |  | 
                13 total
  
              
               fykjgfuyuyuy
fykjgfuyuyuy (
yellow | 69 APM | 1178 actions | 17:05)
              
 5 Archmage
 5 Archmage  3
 3 Summon Water Elemental
 2
 2 Brilliance Aura
 2 Paladin
 2 Paladin  1
 1 Holy Light
 1
 1 Divine Shield
                | Assign group hotkey | 31 |  | 
| Basic commands | 157 |  | 
| Build / train | 64 |  | 
| Enter build submenu | 24 |  | 
| Enter hero's abilities submenu | 8 |  | 
| Give item / drop item | 2 |  | 
| Right click | 231 |  | 
| Select / deselect | 317 |  | 
| Select group hotkey | 280 |  | 
| Use ability | 64 |  | 
                1178 total
 » units 
                
                | Peasant | 8 |  | 
| Rifleman | 12 |  | 
| Sorceress | 2 |  | 
| Mortar Team | 7 |  | 
| Priest | 2 |  | 
                31 total
 » upgrades
                
                | Gunpowder | 2 |  | 
| Armor | 2 |  | 
| Long Rifles | 1 |  | 
| Lumber Harvesting | 1 |  | 
| Masonry | 1 |  | 
| Sorceress Training | 1 |  | 
| Flare | 1 |  | 
| Priest Training | 1 |  | 
                10 total
 » buildings
                
                | Altar of Kings | 1 |  | 
| Farm | 12 |  | 
| Blacksmith | 1 |  | 
| Barracks | 1 |  | 
| Lumber Mill | 1 |  | 
| Scout Tower | 3 |  | 
| Arcane Tower | 3 |  | 
| Guard Tower | 2 |  | 
| Keep | 1 |  | 
| Arcane Vault | 1 |  | 
| Arcane Sanctum | 1 |  | 
| Workshop | 1 |  | 
| Castle | 1 |  | 
                29 total
 » build order
                00:20 Altar of Kings
00:34 Farm
01:03 Blacksmith
01:14 Barracks
01:30 Farm
01:35 Lumber Mill
02:00 Scout Tower
02:26 Arcane Tower
02:27 Arcane Tower
02:41 Farm
02:47 Scout Tower
02:56 Scout Tower
03:14 Guard Tower
03:27 Guard Tower
03:39 Farm
04:21 Farm
04:47 Keep
05:10 Arcane Vault
06:55 Farm
06:55 Farm
06:56 Farm
07:23 Arcane Sanctum
07:25 Workshop
08:17 Farm
10:40 Castle
10:41 Farm
11:15 Farm
11:16 Farm
» items
                
                | Periapt of Vitality | 1 |  | 
| Scroll of Town Portal | 1 |  | 
                2 total
  
              
              
» 
 CinnamonChasers
CinnamonChasers (
teal | 38 APM | 1333 actions | 35:11)
              
 5 Keeper of the Grove
 5 Keeper of the Grove  1
 1 Force of Nature
 3
 3 Thorns Aura
 1
 1 Entangling Roots
 1 Priestess of the Moon
 1 Priestess of the Moon  1
 1 Trueshot Aura
                | Basic commands | 61 |  | 
| Build / train | 95 |  | 
| ESC pressed | 3 |  | 
| Enter build submenu | 22 |  | 
| Enter hero's abilities submenu | 6 |  | 
| Remove unit from queue | 20 |  | 
| Right click | 720 |  | 
| Select / deselect | 332 |  | 
| Use ability | 74 |  | 
                1333 total
 » units 
                
                | Wisp | 14 |  | 
| Archer | 12 |  | 
| Dryad | 23 |  | 
| Flying Machine | -5 |  | 
| Mortar Team | 9 |  | 
                53 total
 » upgrades
                
                | Strength of the Wild | 3 |  | 
| Reinforced Hides | 2 |  | 
| Abolish Magic | 1 |  | 
                6 total
 » buildings
                
                | Altar of Elders | 1 |  | 
| Moon Well | 8 |  | 
| Ancient of War | 1 |  | 
| Ancient of Wonders | 2 |  | 
| Hunter's Hall | 1 |  | 
| Tree of Ages | 1 |  | 
| Ancient of Lore | 2 |  | 
| Tree of Eternity | 1 |  | 
| Scout Tower | 10 |  | 
| Guard Tower | 4 |  | 
| Ancient Protector | 6 |  | 
| Tree of Life | 1 |  | 
                38 total
 » build order
                00:17 Altar of Elders
00:22 Moon Well
00:45 Ancient of War
01:43 Ancient of Wonders
02:14 Moon Well
03:10 Hunter's Hall
04:45 Tree of Ages
06:05 Moon Well
07:09 Ancient of Lore
07:33 Ancient of Lore
08:16 Tree of Eternity
08:34 Moon Well
09:55 Moon Well
09:55 Moon Well
18:34 Scout Tower
18:34 Scout Tower
18:35 Scout Tower
18:35 Scout Tower
18:38 Scout Tower
18:39 Scout Tower
18:40 Scout Tower
18:41 Scout Tower
18:42 Scout Tower
18:44 Scout Tower
19:03 Guard Tower
19:04 Guard Tower
19:06 Guard Tower
19:08 Guard Tower
20:26 Ancient Protector
20:28 Ancient Protector
20:29 Ancient Protector
20:36 Ancient Protector
20:42 Ancient Protector
20:43 Ancient Protector
23:18 Ancient of Wonders
24:46 Moon Well
26:07 Moon Well
26:27 Tree of Life
» items
                
                | Lesser Clarity Potion | 1 |  | 
| Boots of Speed | 1 |  | 
| Scroll of Town Portal | 1 |  | 
                3 total
  
              
               Hinges
Hinges (
green | 28 APM | 368 actions | 13:11)
              
 2 Paladin
 2 Paladin  1
 1 Divine Shield
 1
 1 Holy Light
                | Assign group hotkey | 4 |  | 
| Basic commands | 11 |  | 
| Build / train | 28 |  | 
| Enter build submenu | 10 |  | 
| Enter hero's abilities submenu | 2 |  | 
| Right click | 224 |  | 
| Select / deselect | 64 |  | 
| Select group hotkey | 4 |  | 
| Use ability | 21 |  | 
                368 total
 » units 
                » upgrades
                » buildings
                
                | Altar of Kings | 1 |  | 
| Barracks | 4 |  | 
| Farm | 9 |  | 
| Lumber Mill | 1 |  | 
| Blacksmith | 1 |  | 
| Arcane Vault | 1 |  | 
| Keep | 1 |  | 
                18 total
 » build order
                01:09 Altar of Kings
01:14 Barracks
01:21 Farm
01:22 Farm
01:23 Farm
02:47 Lumber Mill
03:14 Farm
03:16 Farm
03:18 Farm
03:19 Farm
03:20 Farm
03:21 Farm
05:21 Barracks
05:23 Barracks
05:36 Blacksmith
05:44 Barracks
10:33 Arcane Vault
10:35 Keep
» items
                  Chat log
          (00:05 / Allies) fykjgfuyuyuy: lets rush
(00:07 / Allies) fykjgfuyuyuy: hero and 30 food
(00:23 / All) SmashRacism: anyone else a real life peon?
(00:31 / All) headbandkush: me
(00:52 / Allies) fykjgfuyuyuy: 30 seconds
(00:54 / Allies) Fiendbotmustdie: no rush I cc
(00:54 / Allies) fykjgfuyuyuy: then im gone.
(01:13 / Allies) CinnamonChasers: we are too slow to rush
(01:14 / Allies) Fiendbotmustdie: thank jesus
(01:15 / Allies) Fiendbotmustdie: he's back
(01:31 / Allies) Fiendbotmustdie: no rush I'm cc
(01:38 / Allies) fykjgfuyuyuy: what units you making
(01:42 / Allies) Fiendbotmustdie: grunts right now
(01:45 / Allies) Fiendbotmustdie: then it depends later
(01:49 / Allies) Fiendbotmustdie: wyverns or else raiders and shit
(05:57 / All) SmashRacism: fuckin' whoops
(06:00 / All) SmashRacism: lost a grunt
(06:13 / All) Fiendbotmustdie: at least it's not creeps with bash
(06:22 / All) Fiendbotmustdie: losing units to an rng stun is gay
(06:24 / All) SmashRacism: it targeted my weak grunt
(06:26 / All) Fiendbotmustdie: nothing you can do about it
(08:07 / Allies) CinnamonChasers: went chieftan
(08:46 / Allies) fykjgfuyuyuy: meet middle
(09:03 / Allies) fykjgfuyuyuy: green come
(09:16 / Allies) fykjgfuyuyuy: wake up green
(09:38 / Allies) Fiendbotmustdie: green is noob
(09:48 / Allies) fykjgfuyuyuy: back red
(09:49 / Allies) fykjgfuyuyuy: get back
(10:04 / Allies) fykjgfuyuyuy: go now
(10:05 / Allies) fykjgfuyuyuy: we got teal
(10:33 / All) SmashRacism: nice one purpokle
(10:46 / Allies) fykjgfuyuyuy: dude red
(10:50 / Allies) fykjgfuyuyuy: we could have chased them
(11:23 / Allies) CinnamonChasers: lol
(11:24 / All) SmashRacism: what a dumb faggot
(11:39 / All) SmashRacism: left me out to dry then alt qqs
(12:13 / Allies) fykjgfuyuyuy: this team is garbage.
(12:20 / Allies) Fiendbotmustdie: we have total noob green
(12:23 / Allies) Fiendbotmustdie: and total noob yellow
(12:28 / Allies) fykjgfuyuyuy: yup
(12:30 / Allies) fykjgfuyuyuy: now you die red.
(12:32 / Allies) Fiendbotmustdie: no
(12:37 / Allies) fykjgfuyuyuy: yup.
(12:41 / Allies) Fiendbotmustdie: try it
(12:42 / Allies) Fiendbotmustdie: faggot
(12:49 / Allies) fykjgfuyuyuy: ok.
(12:53 / All) Fiendbotmustdie: yellow tk
(13:16 / Allies) Fiendbotmustdie: Just try to tk me little bitch boy
(13:33 / Allies) Fiendbotmustdie: come at me
(13:37 / Allies) Fiendbotmustdie: you can't even tk
(13:39 / Allies) Fiendbotmustdie: you are shit
(14:38 / Allies) Fiendbotmustdie: scared to hit me pussy?
(15:03 / Allies) Fiendbotmustdie: scared little bitch?
(15:10 / Allies) Fiendbotmustdie: scared you'll get your shit pushed in?
(15:44 / Allies) Fiendbotmustdie: scared?
(16:31 / Allies) Fiendbotmustdie: lol you suck
(17:03 / Allies) fykjgfuyuyuy: i would have won red
(17:04 / Allies) fykjgfuyuyuy: faggot
(22:37 / All) SmashRacism: "gods"
(22:37 / All) SmashRacism: LOL
(22:39 / All) SmashRacism: what a fagoot
(22:43 / All) SmashRacism: probably watching game of thrones
(22:45 / All) Fiendbotmustdie: what'd he say
(24:56 / Allies) CinnamonChasers: rofl what is happening
(24:57 / All) SmashRacism: 5k lumber
(24:59 / All) SmashRacism: won't share any lol
(25:04 / All) SmashRacism: then talks about team game
(25:08 / Allies) Fiendbotmustdie: good question
(25:54 / Allies) Fiendbotmustdie: pink sieging orange
(25:57 / All) SmashRacism: GODS
(25:58 / All) SmashRacism: LOL
(27:14 / All) SmashRacism: orange is a faggot that likes game of thrones
(27:17 / All) SmashRacism: he likes all the nudie scenes
(27:20 / All) SmashRacism: fucking degenerate
(28:07 / All) SmashRacism: klol what a baby back bitch and a PUSSY
(28:50 / All) Fiendbotmustdie: orange just taking it
(28:52 / All) Fiendbotmustdie: not even fighting back
(28:55 / All) Fiendbotmustdie: what a little bitch
(30:10 / All) SmashRacism: ian is a bitchboy's name
(30:10 / Allies) CinnamonChasers: can i get some gold red?
(30:13 / All) SmashRacism: fucking millennial
(32:20 / All) SmashRacism: orange were you born a girl
(32:24 / All) SmashRacism: are you a female to male trans
(32:35 / All) SmashRacism: are you a tomboy tranny
(32:46 / All) SmashRacism: low effort tomboy tranny?
(33:36 / Allies) CinnamonChasers: fiend can i get some gold???
(33:45 / Allies) Fiendbotmustdie: what did you just call me?
(33:48 / Allies) Fiendbotmustdie: are you calling me a fiend?
(33:55 / All) SmashRacism: absolute pussies for allies
(33:57 / Allies) CinnamonChasers: yeah
(33:59 / All) SmashRacism: orange king pussy of them all
(34:04 / All) SmashRacism: purple fled the middle and then quit
(34:05 / Allies) Fiendbotmustdie: are you insulting me? really?
(34:13 / Allies) CinnamonChasers: lol
(34:13 / All) SmashRacism: blue alt qqed first sign of trouble
(34:18 / All) SmashRacism: orange just whined and said "gods"
(34:20 / All) Fiendbotmustdie: Teal just called me a fiend
(34:28 / All) SmashRacism: and passive aggressively killed my expo with purps catapult
(34:39 / All) Fiendbotmustdie: plus they liked game of thrones
(34:48 / Allies) CinnamonChasers: ...
(34:56 / All) Fiendbotmustdie: Teal called me a fiend
(34:58 / All) Fiendbotmustdie: so now he must die
(35:14 / All) Fiendbotmustdie: plug pullah!!!!
(35:25 / All) SmashRacism: orange lose, he's a pussy and deserves it
(35:29 / All) Fiendbotmustdie: k
(35:33 / All) SmashRacism: just gave in and stopped fightign back like a bitch lol!